 Dungeon Crawl Stone Soup version 0.31-a0-524-g2a164cf6a2 (webtiles) character file.

Game seed: 8628836428267664827

84 AdnanSaban the Trooper (level 4, 0/30 HPs)
             Began as a Gargoyle Fighter on Aug 12, 2023.
             Slain by Sigmund
             ... wielding a +1 scythe of flaming
              (1 damage)
             ... on level 2 of the Dungeon.
             The game lasted 00:00:49 (1095 turns).

AdnanSaban the Trooper (Gargoyle Fighter)           Turns: 1095, Time: 00:00:50

Health: 0/30       AC: 11    Str: 21    XL:     4   Next: 45%
Magic:  4/4        EV:  9    Int:  9    God:
Gold:   140        SH:  4    Dex:  9    Spells: 3/3 levels left

rFire   . . .        a - +0 flail
rCold   . . .        c - +0 buckler
rNeg    + . .        b - +0 scale mail
rPois   ∞            m - +0 helmet
rElec   +            (no cloak)
rCorr   .            (no gloves)
SInv    .            (no boots)
Will    .....        (no amulet) Stlth
                     (no ring)
HPRegen 0.25/turn    (no ring)
MPRegen 0.09/turn

%: no passive effects
@: no status effects
A: sickness immunity, AC +3, negative energy resistance 1, electricity
resistance, torment resistance 1, petrification resistance
a: no special abilities


You were on level 2 of the Dungeon.
You visited 1 branch of the dungeon, and saw 2 of its levels.

You collected 140 gold pieces.

Inventory:

Hand Weapons
 a - a +0 flail (weapon)
Missiles
 l - 4 poisoned darts
 n - 3 javelins
Armour
 b - a +0 scale mail (worn)
 c - a +0 buckler (worn)
 m - a +0 helmet (worn)
Jewellery
 g - a ring of protection from cold
 p - a ring of flight
Scrolls
 e - a scroll of acquirement {unknown}
 h - 2 scrolls of identify {unknown}
 i - a scroll of poison {unknown}
Potions
 d - a potion of might
 f - a potion of curing {unknown}
 j - a potion of enlightenment {unknown}
 k - a potion of mutation {unknown}
 o - a potion of magic {unknown}


   Skills:
 + Level 4.3 Fighting
 + Level 2.9 Maces & Flails
 + Level 3.7 Armour
 + Level 0.1 Dodging
 + Level 3.7 Shields


You had 3 spell levels left.
You didn't know any spells.
Your spell library was empty.

Dungeon Overview and Level Annotations

Branches:
Dungeon (2/15)

Altars:

Annotations:
D:2 Sigmund


Innate Abilities, Weirdness & Mutations

You are immune to sickness and miasma.
Your stone body is resilient. (AC +3)
You are immune to poison.
You resist negative energy. (rN+)
You are resistant to electric shocks. (rElec)
You are resistant to unholy torment.
You are immune to petrification.


Message History

The adder is severely wounded.
The adder bites you but does no damage. You block the adder's attack.
You miss the adder.
The adder is severely wounded.
The adder barely misses you. x2
You miss the adder.
The adder is severely wounded.
The adder closely misses you. You block the adder's attack.
You hit the adder.
You kill the adder!
No target in view!
No target in view!
No target in view!
No target in view!
No target in view!
No target in view!
No target in view!
You see here a +0 whip.
p - a ring of flight Sigmund the Dreaded comes into view.
He is wielding a +1 scythe of flaming.
Sigmund shouts!
Sigmund gestures wildly while chanting.
Sigmund flickers and vanishes!
Deactivating autopickup; reactivate with Ctrl-A.
There is a strange disturbance nearby!
No target in view!
No target in view!
No target in view!
Something hits you! Something burns you.
You miss something. Something hits you! Something burns you.
You closely miss something. Something hits you but does no damage.
You completely miss something.
You hear some strange, mumbled words.
A puff of flame appears from out of thin air!
The puff of flame hits you!
* * * LOW HITPOINT WARNING * * *
You hit something. Something hits you.
* * * LOW HITPOINT WARNING * * *
Something burns you.
You die...

#....#######.#
#..#.........#
##...#########
##.## #.# #.#
#.#
#.########.
#..@{......
##########.


There were no monsters in sight!

Vanquished Creatures
  5 adders (D:2)
  A worm (D:2)
  2 dart slugs
  A giant cockroach (D:1)
  A goblin (D:2)
  2 hobgoblins (D:2)
  2 jackals (D:1)
  4 quokkas
  6 ball pythons
  2 frilled lizards (D:2)
  4 kobolds
  4 rats
34 creatures vanquished.

Notes
Turn   | Place    | Note
-------+----------+-------------------------------------------
     0 | D:1      | AdnanSaban the Gargoyle Fighter began the quest for the
                  | Orb.
     0 | D:1      | Reached XP level 1. HP: 14/14 MP: 1/1
    24 | D:1      | Found a faded altar of an unknown god.
   213 | D:1      | Reached XP level 2. HP: 19/19 MP: 2/2
   633 | D:2      | Reached XP level 3. HP: 21/24 MP: 3/3
   681 | D:2      | Reached skill level 4 in Fighting
   865 | D:2      | Reached XP level 4. HP: 21/29 MP: 4/4
  1088 | D:2      | Noticed Sigmund
  1095 | D:2      | HP: 1/30 [something (2)]
  1095 | D:2      | Slain by Sigmund

Illustrated notes

Levels and vault maps discovered:
D:1:      lemuel_arrival_river_ford, layout_loops_ring,
          hellmonk_ecumenical_altar_lost_god
D:2:      minmay_spotlight, layout_loops_ring, minmay_statues_item,
          chequers_serial_rivers_large_b, uniq_sigmund

Skill      XL: |  1  2  3 |
---------------+----------+-----
Fighting       | 4 |  4.3
Maces & Flails | |  2.9
Armour         | |  3.7
Dodging        | |  0.1
Shields        | |  3.7

Action                     |  1- 3 |  4- 6 || total
---------------------------+-------+-------++-------
  Melee: Flail             |    79 |    41 ||   120
 Armour: Scale mail        |    39 |    34 ||    73
  Dodge: Dodged            |    34 |    21 ||    55
  Block: Buckler           |    17 |    16 ||    33

Table legend: (Time is in decaauts)
 A = Elapsed time spent in this place.
 B = Non-inter-level travel time spent in this place.
 C = Inter-level travel time spent in this place.
 D = Time resting spent in this place.
 E = Time spent auto-exploring this place.
 F = Levels seen in this place.
 G = Mean time per level.
                   A        B        C        D        E       F      G
               +--------+--------+--------+--------+--------+-----+--------+
         Total |   1135 |   1104 |     31 |      0 |    834 |   2 |  567.5 |
       Dungeon |   1135 |   1104 |     31 |      0 |    834 |   2 |  567.5 |
               +--------+--------+--------+--------+--------+-----+--------+

Top non-repeatable levels by time:
     D:1: 614 daAuts
     D:2: 521 daAuts
